 Dungeon Crawl Stone Soup version 0.31-a0-237-g2d982f9f85 (webtiles) character file.

Game seed: 16869394543740845179

80 Nattfarinn the Magician (level 4, -3/31 HPs)
             Began as a Djinni Venom Mage on July 11, 2023.
             Was an Initiate of Makhleb.
             Slain by an orc warrior
             ... wielding a +0 short sword
              (5 damage)
             ... on level 3 of the Dungeon.
             The game lasted 00:04:39 (2425 turns).

Nattfarinn the Magician (Djinni Venom Mage)         Turns: 2425, Time: 00:04:40

Health: -3/31      AC:  8    Str:  7    XL:     4   Next: 65%
Gold:   61         EV: 12    Int: 18    God:    Makhleb [......] SH:  0 Dex: 14

rFire   + + .        v - +1 spear
rCold   x . .        (no shield)
rNeg    . . .        t - +5 robe of Wasted Space {Slay+3}
rPois   ∞            i - +0 hat
rElec   .            s - +0 cloak
rCorr   .            (no gloves)
SInv    .            (boots unavailable)
Will    .....        (no amulet)
Stlth   ++           (no ring)
HPRegen 0.25/turn    (no ring)
MPRegen 0.00/turn

%: infuse magic (-4 HP)
@: flying
A: sickness immunity, fire resistance 2, cold vulnerability 1, float, innate
caster, HP casting, extra vitality 1
a: Renounce Religion


You were on level 3 of the Dungeon.
You worshipped Makhleb.
Makhleb was noncommittal.
You visited 1 branch of the dungeon, and saw 4 of its levels.

You collected 157 gold pieces.
You spent 96 gold pieces at shops.

Inventory:

Hand Weapons
 v - a +1 spear (weapon)
Armour
 a - a +0 robe
 i - a +0 hat (worn)
 s - a +0 cloak (worn)
 t - the +5 robe of Wasted Space (worn) {Slay+3}
   (You bought it in a shop on level 3 of the Dungeon)

   Slay:      It affects your accuracy & damage with ranged weapons and melee
   (+3).
Jewellery
 r - the amulet of Xaulen {Acrobat -Cast +Blink rPois SInv}
   (You found it on level 3 of the Dungeon)

   [amulet of the acrobat]

   It increases your evasion while moving and waiting.
   rPois:     It protects you from poison.
   SInv:      It lets you see invisible.
   +Blink:    It lets you blink.
   -Cast:     It prevents spellcasting.
Scrolls
 c - a scroll of poison {unknown}
 e - a scroll of enchant weapon
 f - 5 scrolls of identify {unknown}
 g - a scroll of amnesia
 h - a scroll of immolation {unknown}
 l - a scroll of teleportation {unknown}
 m - a scroll of noise
 n - a scroll of fear {unknown}
 u - a scroll of fog {unknown}
Potions
 b - a potion of cancellation {unknown}
 j - 6 potions of curing {unknown}
 k - a potion of lignification {unknown}
 o - a potion of mutation {unknown}
 p - a potion of attraction {unknown}
 q - a potion of invisibility {unknown}


   Skills:
 - Level 2.1 Dodging
 - Level 1.5 Stealth
 + Level 4.2 Spellcasting
 + Level 4.2 Conjurations
 + Level 4.2 Hexes
 + Level 4.2 Summonings
 + Level 4.2 Necromancy
 + Level 4.2 Translocations
 + Level 4.2 Transmutations
 + Level 4.2 Fire Magic
 + Level 4.2 Ice Magic
 + Level 4.2 Air Magic
 + Level 4.2 Earth Magic
 + Level 4.2 Poison Magic


You knew the following spells:

 Your Spells              Type           Power      Damage    Failure   Level
a - Sting                 Tmut/Pois      76%        1d6       2%          1
b - Poisonous Vapours     Pois/Air       38%        N/A       3%          2
c - Mephitic Cloud        Conj/Pois/Air  19%        N/A       8%          3
d - Olgreb's Toxic Radia  Pois           19%        N/A       24%         4
e - Foxfire               Conj/Fire      76%        2x1d7     2%          1
Your spell library was empty.

Dungeon Overview and Level Annotations

Branches:
Dungeon (4/15)
 Temple: D:4-7

Altars:
Makhleb
Okawaru

Shops:
D:3 [


Innate Abilities, Weirdness & Mutations

You are immune to sickness and miasma.
You are immune to poison.
Your flesh is very heat resistant. (rF++)
You are vulnerable to cold. (rC-)
You float through the air rather than walking.
You learn spells naturally, not from books.
Your magical power is your life essence.
You have superior vitality. (+4 MHP)


Message History

The orc warrior is severely wounded.
Casting: Foxfire (safe; 2% risk of failure)
Confirm with . or Enter, or press ? or * to list all spells.
You conjure some foxfire!
The foxfire hits the orc warrior but does no damage.
The orc warrior is severely wounded.
The foxfire hits the orc warrior but does no damage.
The orc warrior is severely wounded.
An orc comes into view. It is wielding a +0 short sword.
The foxfire hits the orc warrior but does no damage.
The orc warrior is severely wounded.
Unknown command.
The foxfire hits the orc warrior but does no damage.
The orc warrior is severely wounded.
You fly upwards.
Your magical contamination has completely faded away.
There is a stone staircase leading down here.
As you read the scroll labelled NYPIM WAONEF, it crumbles to dust.
It is a scroll of enchant weapon.
Your +0 spear glows red for a moment.
The orc warrior hits you with a +0 short sword!
* * * LOW HITPOINT WARNING * * *
As you read the scroll labelled SAZIUPA ROTZ, it crumbles to dust.
It is a scroll of amnesia.
You feel forgetful for a moment.
The orc warrior hits you with a +0 short sword!
* * * LOW HITPOINT WARNING * * *
Casting: Foxfire (safe; 2% risk of failure)
Confirm with . or Enter, or press ? or * to list all spells.
You don't have enough health to cast this spell.
Casting: Foxfire (safe; 2% risk of failure)
Confirm with . or Enter, or press ? or * to list all spells.
Okay, then.
As you read the scroll labelled BITSAE FONK, it crumbles to dust.
You hear a loud clanging noise!
It was a scroll of noise.
The orc warrior completely misses you.
This is a scroll of acquirement!
Something appears before you!
The orc warrior hits you with a +0 short sword.
You die...

.# #..........######
.# #....>.....#
.####........##
.............##
.:##..........####
.................##
..................##
..##...............#
..##............@..#
..###<.........o...#
...##..............#
...................#
....##............##
.................##
.......###..###.##
......<# ##..##..#
.......# ##.....#


You could see an orc warrior (poisoned).

Vanquished Creatures
  An orc wizard (D:4)
  An adder (D:2)
  A worm (D:3)
  A dart slug (D:2)
  An orc (D:4)
  4 bats
  3 endoplasms
  4 giant cockroaches
  4 goblins
  2 hobgoblins
  4 kobolds (D:2)
  7 ball pythons
  A frilled lizard (D:3)
  6 rats
40 creatures vanquished.

Vanquished Creatures (others)
  7 foxfires (D:4)
7 creatures vanquished.

Grand Total: 47 creatures vanquished

Notes
Turn   | Place    | Note
-------+----------+-------------------------------------------
     0 | D:1      | Nattfarinn the Djinni Venom Mage began the quest for the
                  | Orb.
     0 | D:1      | Nattfarinn set off with the following spells memorised:
                  | Sting, Poisonous Vapours, Mephitic Cloud, Olgreb's Toxic
                  | Radiance.
     0 | D:1      | Reached XP level 1. HP: 15/15 MP: 0/0
   348 | D:1      | Reached XP level 2. HP: 20/21 MP: 0/0
  1223 | D:2      | Reached XP level 3. HP: 24/25 MP: 0/0
  1223 | D:2      | Learned a level 1 spell: Foxfire
  1280 | D:2      | Found a burning altar of Makhleb.
  1378 | D:2      | Became a worshipper of Makhleb the Destroyer
  1852 | D:3      | Identified the amulet of Xaulen {Acrobat -Cast +Blink rPois
                  | SInv}
  1890 | D:3      | Found an iron altar of Okawaru.
  1913 | D:3      | Found Zaoloira's Antique Armour Shoppe.
  1930 | D:3      | Bought a fabulously ornate robe for 96 gold pieces
  1930 | D:3      | Identified the +5 robe of Wasted Space {Slay+3} (You bought
                  | it in a shop on level 3 of the Dungeon)
  2104 | D:3      | Reached XP level 4. HP: 30/31 MP: 0/0
  2294 | D:4      | Noticed an ogre
  2411 | D:4      | Noticed an orc warrior
  2425 | D:3      | Identified a scroll of acquirement
  2425 | D:3      | Acquired the +12 mace "Ziyroarph" {flame, rElec rC++ Dex-2
                  | Stlth+}
  2425 | D:3      | Slain by an orc warrior

Illustrated notes

Levels and vault maps discovered:
D:1:      minmay_arrival_semitransparent, layout_basic, st_stairs_5,
          kennysheep_minor_cross
D:2:      layout_basic, basic_altar, minmay_cupped
D:3:      layout_rooms, okawaru_gym_becter, serial_shops, shop
D:4:      layout_basic, mainiacjoe_overflow_brackets,
          minmay_temple_entry_drinking_statues, nzn_random_ring, uniq_robin

Skill      XL: |  1  2  3  4 |
---------------+-------------+-----
Spellcasting   | 4 |  4.2
Conjurations   | 4 |  4.2
Hexes          | 4 |  4.2
Summonings     | 4 |  4.2
Necromancy     | 4 |  4.2
Translocations | 4 |  4.2
Transmutations | 4 |  4.2
Fire Magic     | 4 |  4.2
Ice Magic      | 4 |  4.2
Air Magic      | 4 |  4.2
Earth Magic    | 4 |  4.2
Poison Magic   | 4 |  4.2
Dodging        | |  2.1
Stealth        | |  1.5

Action                     |  1- 3 |  4- 6 || total
---------------------------+-------+-------++-------
  Melee: Unarmed           |     5 |     1 ||     6
   Cast: Sting             |    65 |     8 ||    73
         Foxfire           |       |     4 ||     4
         Olgreb's Toxic Ra |       |     2 ||     2
    Use: Scroll            |       |     4 ||     4
 Armour: Robe              |    10 |       ||    10
  Dodge: Dodged            |    22 |     1 ||    23

Table legend: (Time is in decaauts)
 A = Elapsed time spent in this place.
 B = Non-inter-level travel time spent in this place.
 C = Inter-level travel time spent in this place.
 D = Time resting spent in this place.
 E = Time spent auto-exploring this place.
 F = Levels seen in this place.
 G = Mean time per level.
                   A        B        C        D        E       F      G
               +--------+--------+--------+--------+--------+-----+--------+
         Total |   2425 |   2266 |    159 |     99 |   1891 |   4 |  606.2 |
       Dungeon |   2425 |   2266 |    159 |     99 |   1891 |   4 |  606.2 |
               +--------+--------+--------+--------+--------+-----+--------+

Top non-repeatable levels by time:
     D:2: 1024 daAuts
     D:1: 828 daAuts
     D:3: 553 daAuts
     D:4: 19 daAuts
